 Dungeon Crawl Stone Soup version 0.20-a0-970-gcd8f41e (webtiles) character file.

177 Jarno the Twirler (level 5, -3/42 HPs)
             Began as a Bultungin Gladiator on Apr 8, 2017.
             Was an Initiate of Gozag.
             Slain by an orc warrior
             ... wielding a +0 war axe
              (10 damage)
             ... on level 3 of the Dungeon.
             The game lasted 00:03:43 (2330 turns).

Jarno the Twirler (Bultungin Gladiator)             Turns: 2330, Time: 00:03:44

Health: -3/42      AC:  6    Str: 13    XL:     5   Next: 57%
Magic:  5/5        EV: 14    Int:  8    God:    Gozag
Gold:   210        SH:  0    Dex: 17    Spells: 4/4 levels left

rFire    . . .     SeeInvis +   a - +0 quarterstaff
rCold    + . .     Gourm    .   (shield currently unavailable)
rNeg     . . .     Faith    .   n - +0 ring mail
rPois    .         Spirit   .   c - +0 helmet
rElec    .         Reflect  .   j - scarf {rC+}
rCorr    .         Harm     .   (no gloves)
MR       .....                  (no boots)
Stlth    +.........             (no amulet)
Regen    0.2/turn               (no ring)
MPRegen  0.1/turn               (no ring)

@: slowed, very slow
A: short attention span, fangs 1, see invisible, strong nose
a: Potion Petition, Call Merchant, Bribe Branch, Renounce Religion


You were on level 3 of the Dungeon.
You worshipped Gozag.
Gozag was aware of your devotion.
You were not hungry.

You visited 1 branch of the dungeon, and saw 3 of its levels.

You collected 234 gold pieces.
You paid 24 gold pieces to Gozag.

Inventory:

Hand Weapons
 a - a +0 quarterstaff (weapon)
 k - a +0 hunting sling
Missiles
 d - 3 throwing nets (quivered)
 q - 33 stones
Armour
 b - a +0 leather armour
 c - a +0 helmet (worn)
 j - a scarf of cold resistance (worn)
 n - a +0 ring mail (worn)
Scrolls
 m - a scroll of teleportation {unknown}
 p - 2 scrolls of fear {unknown}
Potions
 e - 2 potions of heal wounds {unknown}
 g - a potion of agility {unknown}
 i - a potion of resistance {unknown}
 l - a potion of haste
 o - a potion of curing {unknown}
Comestibles
 f - 2 bread rations
 h - a meat ration


   Skills:
 + Level 3.9 Fighting
 + Level 6.7 Staves
 - Level 3.0 Throwing
 + Level 2.6 Armour
 + Level 5.8 Dodging
 + Level 0.8 Stealth


You had 4 spell levels left.
You didn't know any spells.

Dungeon Overview and Level Annotations

Branches:
Dungeon (3/15)

Altars:
Gozag


Innate Abilities, Weirdness & Mutations

You have a short attention span.
You have very sharp teeth.
You have supernaturally acute eyesight. (SInv)
Your uncanny sense of smell can sniff out nearby items.


Message History

The orc priest looks satisfied for a moment.
The orc warrior suddenly complains.
The orc warrior barely misses you. The orc priest misses you.
The orc wizard mumbles some strange words.
The orc wizard blinks!
The orc priest calls upon Beogh to heal the orc wizard.
The orc wizard is healed somewhat.
The orc warrior closely misses you.
You hit the orc warrior but do no damage.
Your bite misses the orc warrior.
The orc warrior hits you with a war axe!
You hit the orc warrior but do no damage.
The orc warrior hits you with a war axe!
You closely miss the orc warrior. The orc warrior misses you.
The orc wizard points at you and mumbles some strange words.
The magic dart hits you!
* * * LOW HITPOINT WARNING * * *
The orc wizard completely misses you.
The orc warrior hits you with a war axe!
You die...
Your body crumbles into a pile of gold.

# # # #### ∆ #
..# ########
##.## ####
........
##...##...#
########
#.........### #
#...o##.....##
#
#.#.@oo.......
#
#.#########.##
#############.#
.......>......#
###############


You could see an orc warrior, an orc priest and an orc wizard.

Vanquished Creatures
  Natasha (thrice) (D:2)
  4 adders
  An ooze (D:2)
  A worm (D:2)
  5 dart slugs
  A leopard gecko (D:2)
  5 bats
  5 giant cockroaches
  4 goblins
  5 hobgoblins (D:2)
  2 jackals (D:2)
  2 ball pythons (D:2)
  4 frilled lizards
  5 kobolds
  5 rats
52 creatures vanquished.

Notes
Turn   | Place    | Note
-------+----------+-------------------------------------------
     0 | D:1      | Jarno the Bultungin Gladiator began the quest for the Orb.
     0 | D:1      | Reached XP level 1. HP: 18/18 MP: 1/1
    38 | D:1      | Reached XP level 2. HP: 24/24 MP: 2/2
   436 | D:1      | Reached skill level 5 in Staves
   766 | D:2      | Reached skill level 5 in Dodging
   766 | D:2      | Reached XP level 3. HP: 20/29 MP: 3/3
  1117 | D:2      | Found an opulent altar of Gozag.
  1118 | D:2      | Noticed Natasha
  1129 | D:2      | Killed Natasha
  1132 | D:2      | Reached XP level 4. HP: 11/35 MP: 4/4
  1134 | D:2      | Reached skill level 1 in Armour
  1364 | D:2      | Became a worshipper of Gozag Ym Sagoz the Greedy
  1410 | D:2      | Noticed Natasha
  1423 | D:2      | Killed Natasha
  1423 | D:2      | Reached skill level 6 in Staves
  1751 | D:2      | Reached XP level 5. HP: 38/41 MP: 5/5
  1839 | D:2      | Noticed Natasha
  1849 | D:2      | Killed Natasha
  2318 | D:3      | Noticed an orc warrior
  2330 | D:3      | Slain by an orc warrior

Vault maps used:
D:1:      minmay_arrival_split_and_join
D:2:      grunt_gozag_breadcrumbs, uniq_natasha

Skill      XL: |  1  2  3  4 |
---------------+-------------+-----
Staves         | 5 6 |  6.7
Dodging        | 5 |  5.8
Armour         | 2 |  2.6
Fighting       | |  3.9
Throwing       | |  3.0
Stealth        | |  0.8

Action                   |  1- 3 |  4- 6 || total
-------------------------+-------+-------++-------
Melee: Quarterstaff      |    78 |    99 ||   177
       Bite              |     6 |    10 ||    16
Throw: Throwing net      |     1 |       ||     1
 Stab: Distracted        |       |     1 ||     1
  Eat: Chunk             |       |     2 ||     2
       Meat ration       |       |     1 ||     1
Armor: Leather armour    |    19 |       ||    19
       Ring mail         |     7 |    33 ||    40
Dodge: Dodged            |    80 |    79 ||   159
